 Dungeon Crawl Stone Soup version 0.22-a0-305-gd21a89c (webtiles) character file.

1822 Amnesiac the Destroyer (level 8, -2/52 HPs)
             Began as a Mummy Conjurer on Mar 31, 2018.
             Was a Believer of Sif Muna.
             Engulfed by a steam dragon's steam (7 damage)
             ... on level 6 of the Dungeon.
             The game lasted 00:11:27 (7046 turns).

Amnesiac the Destroyer (Mummy Conjurer)             Turns: 7046, Time: 00:11:27

Health: -2/52      AC:  5    Str: 11    XL:     8   Next: 85%
Magic:  3/20       EV: 14    Int: 17    God:    Sif Muna [**....]
Gold:   300        SH:  0    Dex: 12    Spells: 17/24 levels left

rFire    x . .     SeeInvis .   o - +1 hand crossbow
rCold    + . .     Gourm    .   (no shield)
rNeg     + + +     Faith    .   a - +0 robe
rPois    ∞         Spirit   .   (no helmet)
rElec    .         Reflect  .   (no cloak)
rCorr    .         Harm     .   i - +2 pair of gloves
MR       ++...                  (no boots)
Stlth    ++........             (no amulet)
HPRegen  0.17/turn              m - +2 ring of evasion
MPRegen  0.17/turn              k - ring of protection from magic

@: divine energy
A: no food or potions, fire vulnerability, cold resistance 1, negative energy
resistance 3, torment resistance, unbreathing
a: Stop Divine Energy, Renounce Religion


You were on level 6 of the Dungeon.
You worshipped Sif Muna.
Sif Muna was pleased with you.
You were not hungry.

You visited 2 branches of the dungeon, and saw 7 of its levels.
You also visited: Sewer.

You collected 300 gold pieces.

Inventory:

Hand Weapons
 o - a +1 hand crossbow (weapon)
Missiles
 p - 87 bolts (quivered)
Armour
 a - a +0 robe (worn)
 i - a +2 pair of gloves (worn)
Jewellery
 e - an uncursed ring of ice
 g - an uncursed ring of ice
 k - a ring of protection from magic (right hand)
 m - a +2 ring of evasion (left hand)
Scrolls
 b - a scroll of fog {!r}
 c - a scroll of teleportation {!r}
 d - 6 scrolls of remove curse {!r}
 h - 3 scrolls of identify {!r}
 l - a scroll of amnesia {!r}
 q - a scroll of fear {!r}


   Skills:
 - Level 1.5 Dodging
 - Level 1.5 Stealth
 + Level 8.5 Spellcasting
 * Level 8.5 Conjurations


You had 17 spell levels left.
You knew the following spells:

 Your Spells              Type           Power        Failure   Level  Hunger
a - Iskenderun's Mystic   Conj           #####...     3%          4    N/A
b - Searing Ray           Conj           #####.       1%          2    N/A
d - Magic Dart            Conj           ####         1%          1    N/A

Dungeon Overview and Level Annotations

Branches:
Dungeon (6/15)             Temple (1/1) D:4

Altars:
Ashenzari
Cheibriados
Dithmenos
Elyvilon
Fedhas
Gozag
Hepliaklqana
Kikubaaqudgha
Nemelex Xobeh
Okawaru
Ru
Sif Muna
Trog
Vehumet
Wu Jian
Xom
Yredelemnul
Zin
The Shining One


Innate Abilities, Weirdness & Mutations

You do not eat or drink.
Your flesh is vulnerable to fire.
You are immune to poison.
Your flesh is cold resistant. (rC+)
You are immune to negative energy. (rN+++)
You are immune to unholy pain and torment.
You can survive without breathing.


Message History

Something completely misses the fungus.
Something claws the fungus but does no damage.
Something bites the fungus.
Something claws the fungus.
Something bites the fungus.
Something claws the fungus.
Something bites the fungus but does no damage.
Something claws the fungus.
Something bites the fungus!
Something claws the fungus.
Something bites the fungus!
The fungus is destroyed!
Firing (i - inventory)
p - 88 bolts (quivered)
Press: ? - help, Shift-Dir - straight line, f/p - steam dragon
Aim: a steam dragon You shoot a bolt.
The bolt closely misses the steam dragon.
Unknown command.
Casting: Iskenderun's Mystic Blast (safe; 3% risk of failure)
Confirm with . or Enter, or press ? or * to list all spells.
Aiming: Iskenderun's Mystic Blast (safe; 3% risk of failure)
Press: ? - help, Shift-Dir - straight line, f/p - steam dragon
Aim: a steam dragon The orb of energy hits the steam dragon.
The steam dragon is lightly wounded.
A steam dragon comes into view.
Casting: Iskenderun's Mystic Blast (safe; 3% risk of failure)
Confirm with . or Enter, or press ? or * to list all spells.
Aiming: Iskenderun's Mystic Blast (safe; 3% risk of failure)
Press: ? - help, Shift-Dir - straight line, f/p - steam dragon
Aim: a steam dragon (lightly wounded)
The orb of energy hits the steam dragon.
The steam dragon is severely wounded.
The orb of energy explodes!
The mystic blast hits the steam dragon.
The steam dragon is lightly wounded.
The steam dragon hisses angrily.
The steam dragon breathes steam at you. The ball of steam hits you!
The steam scalds you terribly!
Ouch! That really hurt!
* * * LOW HITPOINT WARNING * * *
Casting: Iskenderun's Mystic Blast (safe; 3% risk of failure)
Confirm with . or Enter, or press ? or * to list all spells.
Aiming: Iskenderun's Mystic Blast (safe; 3% risk of failure)
Press: ? - help, Shift-Dir - straight line Sif Muna grants you divine energy.
You briefly lose access to your magic!
You are engulfed in a cloud of scalding steam.
* * * LOW HITPOINT WARNING * * *
You regain access to your magic.
You start resting.
Casting: Iskenderun's Mystic Blast (safe; 3% risk of failure)
Confirm with . or Enter, or press ? or * to list all spells.
You can't see any susceptible monsters within range! (Use Z to cast anyway.) Unknown command.
Casting: Iskenderun's Mystic Blast (safe; 3% risk of failure)
Confirm with . or Enter, or press ? or * to list all spells.
Aiming: Iskenderun's Mystic Blast (safe; 3% risk of failure)
Press: ? - help, Shift-Dir - straight line, f - steam dragon
Aim: a steam dragon (heavily wounded, hasn't noticed you)
The orb of energy hits the steam dragon.
The steam dragon is severely wounded.
The steam dragon breathes steam at you. The ball of steam hits you!
The steam scalds you terribly!
* * * LOW HITPOINT WARNING * * *
Unknown command.
You are engulfed in a cloud of scalding steam.
You die...

###.#...# #########
###..†##### #......^P.###
#.#......≈≈≈# .
#.<......^P≈.
..#............ .
..........P≈≈P.
#########(≈..
.........≈.########..D..DD?#
........####..@§§§..######.#
#.###...#....######## #.
#.#...#### .......###
####.### ... ###


There were no monsters in sight!

Vanquished Creatures
  An orc warrior (D:6)
  A sky beast (D:5)
  3 ogres
  2 phantoms (D:4)
  3 big kobolds (Sewer)
  2 bullfrogs (D:6)
  A scorpion (D:4)
  A howler monkey (D:4)
  2 crimson imps
  3 hounds
  A centaur skeleton (D:4)
  An iguana (D:5)
  A bullfrog skeleton (D:4)
  4 worker ants
  2 orc wizards
  4 gnolls (D:5)
  7 river rats (Sewer)
  13 adders
  An ooze (Sewer)
  An adder zombie (D:6)
  8 worms
  8 dart slugs
  3 leopard geckos
  7 orcs
  2 giant cockroaches
  11 goblins
  11 hobgoblins
  5 jackals
  22 kobolds
  4 ball pythons (Sewer)
  6 bats
  3 frilled lizards
  31 rats
175 creatures vanquished.

Vanquished Creatures (others)
  A fungus (D:6)
1 creature vanquished.

Grand Total: 176 creatures vanquished

Notes
Turn   | Place    | Note
-------+----------+-------------------------------------------
     0 | D:1      | Amnesiac the Mummy Conjurer began the quest for the Orb.
     0 | D:1      | Reached XP level 1. HP: 13/13 MP: 4/4
   103 | D:1      | Reached XP level 2. HP: 19/19 MP: 4/6
   116 | D:1      | Learned a level 2 spell: Searing Ray
   784 | D:1      | Reached XP level 3. HP: 24/24 MP: 6/8
  1567 | D:2      | Reached XP level 4. HP: 28/30 MP: 0/10
  1907 | D:2      | Learned a level 4 spell: Iskenderun's Mystic Blast
  2307 | D:2      | Found a white marble altar of Elyvilon.
  2309 | D:2      | Found a hazy altar of Hepliaklqana.
  2383 | D:3      | Reached XP level 5. HP: 35/35 MP: 3/11
  2834 | D:3      | Found a glowing drain.
  2843 | Sewer    | Entered a sewer
  2959 | Sewer    | Reached skill level 5 in Conjurations
  3124 | Sewer    | Reached skill level 5 in Spellcasting
  3124 | Sewer    | Reached XP level 6. HP: 39/41 MP: 1/13
  3807 | Sewer    | Reached XP level 7. HP: 12/46 MP: 7/15
  4129 | D:3      | Found a sacrificial altar of Ru.
  4180 | D:3      | Noticed a moth of wrath
  4183 | D:3      | Found a bloodstained altar of Trog.
  4743 | D:4      | Found a staircase to the Ecumenical Temple.
  4768 | Temple   | Entered the Ecumenical Temple
  4970 | Temple   | Became a worshipper of Sif Muna the Loreminder
  5022 | D:4      | Found a shattered altar of Ashenzari.
  5779 | D:4      | Found an opulent altar of Gozag.
  5791 | D:4      | Found a sparkling altar of Nemelex Xobeh.
  5854 | D:5      | Entered Level 5 of the Dungeon
  5854 | D:5      | Found an ornate altar of the Wu Jian Council.
  5905 | D:5      | Reached XP level 8. HP: 52/52 MP: 14/18
  6072 | D:5      | Reached * piety under Sif Muna
  6872 | D:6      | Reached ** piety under Sif Muna
  6904 | D:6      | Found a shimmering altar of Xom.
  7046 | D:6      | Engulfed by a steam dragon's steam

Vault maps used:
D:1:      minmay_arrival_nine_rooms
D:2:      minitemple, kennysheep_big_empty_room
D:3:      tgw_trog, first_ration, portal_sewer_entry_d,
          nicolae_ru_sacrificial_ziggurat
D:4:      grunt_temple_overflow_opulence, ashenzari_altar_1,
          minmay_temple_entry_glass, minmay_misc_feat_rows
D:5:      old_standard_altar
D:6:      kennysheep_steamy, kennysheep_mini_moat
Temple:   grunt_temple_mini_profane
Sewer:    sewer_minmay_treatment

Skill      XL: |  1  2  3  4  5  6  7  8 |
---------------+-------------------------+-----
Spellcasting   | 3 4 5 7 8 |  8.5
Conjurations   | 4 5 6 7 8 |  8.5
Dodging        | |  1.5
Stealth        | |  1.5

Action                   |  1- 3 |  4- 6 |  7- 9 || total
-------------------------+-------+-------+-------++-------
Melee: Unarmed           |    14 |    13 |       ||    27
 Fire: Hand crossbow     |       |    48 |   110 ||   158
Throw: Throwing net      |       |     1 |       ||     1
 Cast: Magic Dart        |    60 |    88 |    23 ||   171
       Searing Ray       |    15 |    19 |     3 ||    37
       Iskenderun's Myst |       |       |    57 ||    57
Invok: Divine Energy     |       |       |     1 ||     1
  Use: Scroll            |       |       |    11 ||    11
Armor: Robe              |     8 |    13 |    19 ||    40
Dodge: Dodged            |    24 |    59 |    70 ||   153

Table legend:
 A = Spawn XP
 B = Non-spawn XP
 C = Spawn XP percentage of total XP
 D = Spawn monster count
 E = Non-spawn monster count
 F = Spawn count percentage of total count
 G = Total turns spent on level
                    A         B        C        D         E        F      G
               +---------+---------+-------+---------+---------+-------+---------
         Total |       0 |    2603 |   0.0 |       0 |     175 |   0.0 |  7046
               +---------+---------+-------+---------+---------+-------+---------
           D:1 |       0 |      56 |   0.0 |       0 |      26 |   0.0 |  1228
           D:2 |       0 |     124 |   0.0 |       0 |      32 |   0.0 |  1315
           D:3 |       0 |     115 |   0.0 |       0 |      30 |   0.0 |   848
           D:4 |       0 |     572 |   0.0 |       0 |      13 |   0.0 |  1043
           D:5 |       0 |     643 |   0.0 |       0 |      14 |   0.0 |   723
           D:6 |       0 |     623 |   0.0 |       0 |      12 |   0.0 |   469
         Sewer |       0 |     470 |   0.0 |       0 |      48 |   0.0 |  1188
               +---------+---------+-------+---------+---------+-------+---------
